 Dungeon Crawl Stone Soup version 0.19-a0-805-g0a78ef0 (webtiles) character file.

649 Fubayashi the Digger (level 7, -2/37 HPs)
             Began as a Gargoyle Earth Elementalist on June 27, 2016.
             Was an Initiate of Vehumet.
             Killed from afar by an orc wizard (3 damage)
             ... with a magic dart
             ... on level 5 of the Dungeon.
             The game lasted 00:16:29 (6768 turns).

Fubayashi the Digger (Gargoyle Earth Elementalist)  Turns: 6768, Time: 00:16:30

Health: -2/37      AC:  6    Str: 11    XL:     7   Next: 53%
Magic:  0/15       EV: 12    Int: 18    God:    Vehumet [......]
Gold:   262        SH:  0    Dex: 10    Spells: 3 memorised, 8 levels left

rFire  . . .     SeeInvis .     k - +0 club
rCold  . . .     Gourm    .     c - +0 robe
rNeg   + . .     Faith    .     (no shield)
rPois  ∞         Spirit   +     (no helmet)
rElec  +         Dismiss  .     (no cloak)
rCorr  .         Reflect  .     (no gloves)
SustAt .         Harm     .     (no boots)
MR     .....                    f - amulet of guardian spirit
Stlth  ++........               (no ring)
                                (no ring)

@: not resistant to hostile enchantments, unstealthy
A: negative energy resistance 1, electricity resistance, unbreathing,
petrification resistance, rot immunity, AC +4
a: Renounce Religion


You were on level 5 of the Dungeon.
You worshipped Vehumet.
Vehumet was noncommittal.
You were not hungry.

You visited 1 branch of the dungeon, and saw 5 of its levels.

You collected 262 gold pieces.

Inventory:

Hand Weapons
 k - a +0 club (weapon)
Missiles
 b - 246 stones (quivered)
Armour
 c - a +0 robe (worn)
 u - a cursed +0 leather armour
Jewellery
 f - an amulet of guardian spirit (around neck)
Wands
 A - a wand of random effects (13/48)
Scrolls
 a - 6 scrolls of remove curse {unknown}
 i - 2 scrolls of recharging {unknown}
 l - 2 scrolls of enchant weapon {unknown}
 m - a scroll of amnesia {unknown}
 n - 2 scrolls of immolation {unknown}
 p - 5 scrolls of identify {unknown}
 v - a scroll of fog {unknown}
 w - 2 scrolls of teleportation {unknown}
 y - a scroll of noise {unknown}
Potions
 g - a potion of lignification {unknown}
 h - a potion of degeneration {unknown}
 o - 5 potions of curing {unknown}
 s - a potion of might {unknown}
 x - a potion of flight {unknown}
 z - a potion of resistance {unknown}
 B - a potion of cancellation {unknown}
 C - a potion of ambrosia {unknown}
Books
 e - a book of Geomancy

   Spells                             Type                      Level
   a - Sandblast                      Earth                        1
   b - Passwall                       Transmutation/Earth          2
   c - Stone Arrow                    Conjuration/Earth            3
   d - Petrify                        Transmutation/Earth          4
   e - Lee's Rapid Deconstruction     Earth                        5
Comestibles
 d - 3 bread rations {@e1}
 j - 3 meat rations {@e1}
 r - 4 fruits {@e2}
 t - 3 beef jerkies {@e2}


   Skills:
 + Level 0.4 Fighting
 + Level 0.4 Maces & Flails
 + Level 0.0 Armour
 + Level 1.5 Dodging
 - Level 2.1 Stealth
 * Level 5.6 Spellcasting
 + Level 3.3 Conjurations
   Level 0.7 Transmutations
 + Level 5.9 Earth Magic
 + Level 0.1 Evocations


You had 8 spell levels left.
You knew the following spells:

 Your Spells              Type           Power        Failure   Level  Hunger
a - Sandblast             Erth           ####..       1%          1    None
b - Stone Arrow           Conj/Erth      ###...       6%          3    ##.....
c - Lee's Rapid Deconstr  Erth           ####......   34%         5    #####..


Dungeon Overview and Level Annotations

Branches:
Dungeon (5/15)
 Temple: D:4-7

Altars:
Ashenzari
Dithmenos
Pakellas
Vehumet
Xom

Annotations:
D:4 exclusion: statue
D:5 hypermopl's ghost, novice OpAr


Innate Abilities, Weirdness & Mutations

You are resistant to torment.
Your stone body is resilient. (AC +4)
You are immune to poison.
You resist negative energy. (rN+)
You are resistant to electric shocks. (rElec)
You can survive without breathing.
You are immune to petrification.
You are immune to rotting.


Message History

* * * LOW HITPOINT WARNING * * *
Casting: Stone Arrow
Confirm with . or Enter, or press ? or * to list all spells.
Aiming: Sandblast
Press: ? - help, Shift-Dir - straight line, f/p - orc wizard
Aim: an orc wizard, wielding a dagger and wearing a robe (severely wounded, fast)
The blast of sand hits the orc wizard.
The orc wizard is almost dead.
The orc wizard closely misses you.
You hit the orc wizard but do no damage.
The orc wizard is almost dead.
The orc wizard hits you with a dagger.
* * * LOW HITPOINT WARNING * * *
The orc wizard hits you with a dagger.
* * * LOW HITPOINT WARNING * * *
You closely miss the orc wizard.
The orc wizard is almost dead.
The orc wizard casts a spell at you. The magic dart hits you!
You die...

#..............
#######.####.......##
.....................
######.###..#####.#. ###
#.▓▓▓'▓▓▓......
#.########.▓░...░▓##..#.
#..o.......▓░.⚑.░▓....#.
#.#######..▓▒▒▒▒▒▓.#....
#.....)@o..▓▒≈8≈▒▓.#.##.
#..########▓▒...▒▓......
.##.)# ▓▒...▒▓...##. .o...
▓▒≈..▒▓...##. .#...###
▓▒▒▒▒▒▓.....< ...#..
▓▓▓▓▓▓▓...... .......
.............
....#..##########.#......#..
$.......†..†...............


You could see an orc wizard.

Vanquished Creatures
  Prince Ribbit (D:5)
  A howler monkey (D:4)
  A jelly (D:5)
  2 orc wizards (D:5)
  A centaur skeleton (D:4)
  A worker ant (D:4)
  2 hound skeletons
  A howler monkey zombie (D:5)
  13 adders
  A shadow imp (D:5)
  2 oozes
  6 worms
  An adder skeleton (D:4)
  2 dart slugs
  3 giant geckos
  An orc (D:5)
  2 ball pythons
  2 giant cockroaches
  3 goblins
  8 hobgoblins
  13 jackals
  3 kobolds
  3 quokkas
  7 bats
  A giant cockroach zombie (D:5)
  5 giant newts
  A jackal skeleton (D:4)
  3 rats
90 creatures vanquished.

Vanquished Creatures (others)
  A wasp (D:5)
1 creature vanquished.

Grand Total: 91 creatures vanquished

Notes
Turn   | Place    | Note
--------------------------------------------------------------
     0 | D:1      | Fubayashi the Gargoyle Earth Elementalist began the quest for the Orb.
     0 | D:1      | Reached XP level 1. HP: 10/10 MP: 3/3
   632 | D:1      | Reached XP level 2. HP: 15/15 MP: 0/5
  1098 | D:2      | Reached XP level 3. HP: 15/19 MP: 0/7
  1169 | D:2      | Learned a level 3 spell: Stone Arrow
  1349 | D:2      | Found a shadowy altar of Dithmenos.
  2157 | D:2      | Reached XP level 4. HP: 22/24 MP: 8/8
  2586 | D:3      | Found a shattered altar of Ashenzari.
  2712 | D:3      | Reached XP level 5. HP: 19/28 MP: 1/10
  2878 | D:3      | Reached skill level 1 in Conjurations
  3336 | D:4      | Reached skill level 5 in Earth Magic
  3837 | D:4      | Reached XP level 6. HP: 8/32 MP: 4/12
  4245 | D:4      | Found a radiant altar of Vehumet.
  4363 | D:4      | Found a shimmering altar of Xom.
  4947 | D:4      | Became a worshipper of Vehumet
  5228 | D:5      | Entered Level 5 of the Dungeon
  5228 | D:5      | Noticed hypermopl's ghost (novice OpAr)
  5534 | D:5      | Noticed Prince Ribbit
  5929 | D:5      | Killed a wasp
  5993 | D:5      | Reached skill level 5 in Spellcasting
  6397 | D:5      | Killed Prince Ribbit
  6397 | D:5      | Reached XP level 7. HP: 36/36 MP: 7/15
  6503 | D:5      | Learned a level 5 spell: Lee's Rapid Deconstruction
  6610 | D:5      | Found an oddly glowing altar of Pakellas.
  6610 | D:5      | Noticed an orange crystal statue
  6767 | D:5      | HP: 1/37 [orc wizard/dagger (5)]
  6768 | D:5      | Killed from afar by an orc wizard

Vault maps used:
D:1:      dpeg_arrival_yet_another_circle, roderic_serpentine_path
D:2:      nicolae_dithmenos_shadow_blocks
D:3:      ashenzari_conservatory_becter, first_bread
D:4:      vehumet_statue, lemuel_statue_altar
D:5:      gammafunk_pakellas_statue_experiment, uniq_prince_ribbit1

Skill      XL: |  1  2  3  4  5  6 |
---------------+-------------------+-----
Earth Magic    | 4 5 |  5.9
Spellcasting   | 3 4 5 |  5.6
Conjurations   | 1 3 |  3.3
Fighting       | |  0.4
Maces & Flails | |  0.4
Dodging        | |  1.5
Stealth        | |  2.1
Transmutations | |  0.7
Evocations     | |  0.1

Action                   |  1- 3 |  4- 6 |  7- 9 || total
-------------------------+-------+-------+-------++-------
Melee: Unarmed           |    14 |       |       ||    14
       Dagger            |     1 |       |       ||     1
       Club              |    47 |   109 |    15 ||   171
 Cast: Sandblast         |    40 |   122 |     4 ||   166
       Stone Arrow       |       |    22 |     9 ||    31
 Stab: Sleeping          |       |     1 |       ||     1
       Distracted        |       |     1 |       ||     1
  Eat: Chunk             |     4 |    12 |     2 ||    18
       Pizza             |       |     2 |       ||     2
Armor: Robe              |    44 |    79 |     2 ||   125
Dodge: Dodged            |    63 |   197 |    13 ||   273
